TOP OF THE 1ST |
Duluth-Superior Dukes batting - Pitching for Watertown Bucks : RHP Thomas Siebert
|
Pitching: RHP Thomas Siebert
|
|
Batting: RHB Hector Cervantes
|
0-0: Ground out 5-3 (Groundball, 56, EV 80.6 MPH)
|
Batting: RHB Jim Ferguson
|
0-0: Called Strike 0-1: Called Strike 0-2: Foul Ball, location: 2F 0-2: Strikes out swinging
|
Batting: RHB Ricky Sheetz
|
0-0: Called Strike 0-1: Ball 1-1: Foul Ball, location: 2F 1-2: Strikes out looking
|
Top of the 1st over - 0 runs, 0 hits, 0 errors, 0 left on base; Duluth-Superior 0 - Watertown 0 |
BOTTOM OF THE 1ST |
Watertown Bucks batting - Pitching for Duluth-Superior Dukes : LHP Kenneth Swank
|
Pitching: LHP Kenneth Swank
|
|
Batting: RHB Thomas Dimino
|
0-0: Ball 1-0: Ball 2-0: Ball 3-0: Called Strike 3-1: Called Strike 3-2: Foul Ball, location: 2F 3-2: Strikes out swinging
|
Batting: RHB Robert Tanzi
|
0-0: Called Strike 0-1: Ball 1-1: Ball 2-1: Called Strike 2-2: Foul Ball, location: 2F 2-2: Strikes out swinging
|
Batting: RHB Richard Plautz
|
0-0: Ball 1-0: Ball 2-0: Ground out 3-1 (Groundball, 34, EV 91.3 MPH)
|
Bottom of the 1st over - 0 runs, 0 hits, 0 errors, 0 left on base; Duluth-Superior 0 - Watertown 0 |
TOP OF THE 2ND |
Duluth-Superior Dukes batting - Pitching for Watertown Bucks : RHP Thomas Siebert
|
Batting: LHB Ralph Bryant
|
0-0: Called Strike 0-1: Called Strike 0-2: Foul Ball, location: 2F 0-2: Ball 1-2: SOLO HOME RUN (Flyball, 9D, EV 85.6 MPH), Distance : 375 ft
|
Batting: RHB Leo Vargas
|
0-0: Ball 1-0: Foul Ball, location: 2F 1-1: Foul Ball, location: 2F 1-2: Ball 2-2: Ball 3-2: Strikes out swinging
|
Batting: SHB Garry Humpston
|
0-0: Called Strike 0-1: Ball 1-1: Ground out 5-3 (Groundball, 56S, EV 66.9 MPH)
|
Batting: RHB Gary Hinson
|
0-0: Called Strike 0-1: Ball 1-1: Ball 2-1: Ball 3-1: Base on Balls
|
Batting: RHB Scott Loucks
|
0-0: Swinging Strike 0-1: Ball 1-1: Ball 2-1: Fly out, F8 (Line Drive, 8LM, EV 102.5 MPH)
|
Top of the 2nd over - 1 run, 1 hit, 0 errors, 1 left on base; Duluth-Superior 1 - Watertown 0 |
BOTTOM OF THE 2ND |
Watertown Bucks batting - Pitching for Duluth-Superior Dukes : LHP Kenneth Swank
|
Batting: RHB Sebastiano Borriello
|
0-0: Swinging Strike 0-1: Ball 1-1: Foul Ball, location: 2F 1-2: Ball 2-2: Foul Ball, location: 2F 2-2: Ground out 6-3 (Groundball, 6, EV 92.5 MPH)
|
Batting: LHB Greg Guin
|
0-0: Swinging Strike 0-1: Swinging Strike 0-2: Ground out U3 (Groundball, 3L, EV 84.4 MPH)
|
Batting: RHB Eugene Cattane
|
0-0: Called Strike 0-1: Ball 1-1: Ball 2-1: DOUBLE (Groundball, 5L, EV 103.8 MPH)
|
Batting: LHB Bryan Neal
|
0-0: Fly out, F7 (Flyball, 7LM, EV 90.6 MPH)
|
Bottom of the 2nd over - 0 runs, 1 hit, 0 errors, 1 left on base; Duluth-Superior 1 - Watertown 0 |
TOP OF THE 3RD |
Duluth-Superior Dukes batting - Pitching for Watertown Bucks : RHP Thomas Siebert
|
Batting: RHB Cecil Whitehead
|
0-0: Ball 1-0: Ball 2-0: Called Strike 2-1: Ball 3-1: Base on Balls
|
Batting: RHB Hector Cervantes
|
0-0: Called Strike 0-1: Swinging Strike 0-2: Ball 1-2: Ball 2-2: Foul Ball, location: 2F 2-2: Ball 3-2: DOUBLE (Line Drive, 8LXD, EV 108.1 MPH) Cecil Whitehead to third
|
Batting: RHB Jim Ferguson
|
0-0: Ball 1-0: Ball 2-0: Called Strike 2-1: Swinging Strike 2-2: Fly out, F8 (Flyball, 8RD, EV 85.0 MPH)
|
Batting: RHB Ricky Sheetz
|
0-0: Ball 1-0: Foul Ball, location: 2F 1-1: Called Strike 1-2: Foul Ball, location: 2F 1-2: Ball 2-2: Strikes out looking
|
Batting: LHB Ralph Bryant
|
0-0: Called Strike 0-1: Ball 1-1: Fly out, F4 (Popup, 4, EV 52.5 MPH)
|
Top of the 3rd over - 0 runs, 1 hit, 0 errors, 2 left on base; Duluth-Superior 1 - Watertown 0 |
BOTTOM OF THE 3RD |
Watertown Bucks batting - Pitching for Duluth-Superior Dukes : LHP Kenneth Swank
|
Batting: SHB Luis Rivera
|
0-0: Ball 1-0: Fly out, F6 (Flyball, 6D, EV 88.1 MPH)
|
Batting: LHB Carl Spikes
|
0-0: Ball 1-0: SINGLE (Line Drive, 34D, EV 105.6 MPH)
|
Batting: RHB Thomas Dimino
|
0-0: Ball 1-0: Fielders Choice at 2nd, 6-4 (Groundball, 6, EV 91.3 MPH)
|
Batting: RHB Robert Tanzi
|
0-0: Called Strike 0-1: Fly out, F9 (Flyball, 89M, EV 90.6 MPH)
|
Bottom of the 3rd over - 0 runs, 1 hit, 0 errors, 1 left on base; Duluth-Superior 1 - Watertown 0 |
TOP OF THE 4TH |
Duluth-Superior Dukes batting - Pitching for Watertown Bucks : RHP Thomas Siebert
|
Batting: RHB Leo Vargas
|
0-0: Called Strike 0-1: Ball 1-1: Swinging Strike 1-2: Fly out, F7 (Flyball, 78S, EV 76.3 MPH)
|
Batting: SHB Garry Humpston
|
0-0: Ball 1-0: Foul Ball, location: 2F 1-1: Swinging Strike 1-2: Ball 2-2: SOLO HOME RUN (Flyball, 9LD, EV 105.0 MPH), Distance : 351 ft
|
Batting: RHB Gary Hinson
|
0-0: Called Strike 0-1: Fly out, F8 (Flyball, 8RS, EV 83.8 MPH)
|
Batting: RHB Scott Loucks
|
0-0: SINGLE (Line Drive, 6MD, EV 100.6 MPH)
|
Batting: RHB Cecil Whitehead
|
0-0: Ball Scott Loucks is caught stealing 2nd base 2-4
|
Top of the 4th over - 1 run, 2 hits, 0 errors, 0 left on base; Duluth-Superior 2 - Watertown 0 |
BOTTOM OF THE 4TH |
Watertown Bucks batting - Pitching for Duluth-Superior Dukes : LHP Kenneth Swank
|
Batting: RHB Richard Plautz
|
0-0: Called Strike 0-1: Called Strike 0-2: Ball 1-2: Reached on error, E6 (Groundball, 56, EV 86.3 MPH)
|
Batting: RHB Sebastiano Borriello
|
0-0: Ball 1-0: Grounds into double play, 6-4-3 (Groundball, 6M, EV 93.1 MPH)
|
Batting: LHB Greg Guin
|
0-0: Fly out, F6 (Popup, 6S, EV 74.4 MPH)
|
Bottom of the 4th over - 0 runs, 0 hits, 1 error, 0 left on base; Duluth-Superior 2 - Watertown 0 |
TOP OF THE 5TH |
Duluth-Superior Dukes batting - Pitching for Watertown Bucks : RHP Thomas Siebert
|
Batting: RHB Cecil Whitehead
|
0-0: Fly out, F7 (Flyball, 7S, EV 88.8 MPH)
|
Batting: RHB Hector Cervantes
|
0-0: Called Strike 0-1: Foul Ball, location: 2F 0-2: Ball 1-2: Foul Ball, location: 2F 1-2: Ball 2-2: Ball 3-2: Foul Ball, location: 2F 3-2: Base on Balls
|
Batting: RHB Jim Ferguson
|
0-0: Ball 1-0: Ball 2-0: Ball 3-0: Foul Ball, location: 2F 3-1: Swinging Strike 3-2: DOUBLE (Flyball, 8LXD, EV 103.8 MPH) Hector Cervantes to third
|
Batting: RHB Ricky Sheetz
|
0-0: Called Strike 0-1: Ball 1-1: Ground out 4-3 (Groundball, 4, EV 87.5 MPH)
|
Batting: LHB Ralph Bryant
|
0-0: Intentional Walk
|
Batting: RHB Leo Vargas
|
0-0: Called Strike 0-1: Foul Ball, location: 2F 0-2: Strikes out swinging
|
Top of the 5th over - 0 runs, 1 hit, 0 errors, 3 left on base; Duluth-Superior 2 - Watertown 0 |
BOTTOM OF THE 5TH |
Watertown Bucks batting - Pitching for Duluth-Superior Dukes : LHP Kenneth Swank
|
Batting: RHB Eugene Cattane
|
0-0: Ball 1-0: Called Strike 1-1: Ground out 4-3 (Groundball, 34, EV 78.8 MPH)
|
Batting: LHB Bryan Neal
|
0-0: Swinging Strike 0-1: Called Strike 0-2: Ball 1-2: Ball 2-2: Ball 3-2: Strikes out swinging
|
Batting: SHB Luis Rivera
|
0-0: Swinging Strike 0-1: Swinging Strike 0-2: Strikes out swinging
|
Bottom of the 5th over - 0 runs, 0 hits, 0 errors, 0 left on base; Duluth-Superior 2 - Watertown 0 |
TOP OF THE 6TH |
Duluth-Superior Dukes batting - Pitching for Watertown Bucks : RHP Thomas Siebert
|
Batting: SHB Garry Humpston
|
0-0: Called Strike 0-1: Fly out, F5 (Popup, 5F, EV 72.5 MPH)
|
Batting: RHB Gary Hinson
|
0-0: Ball 1-0: Ball 2-0: Fly out, F7 (Flyball, 7S, EV 80.0 MPH)
|
Batting: RHB Scott Loucks
|
0-0: Ball 1-0: Ground out 6-3 (Groundball, 6, EV 84.4 MPH)
|
Top of the 6th over - 0 runs, 0 hits, 0 errors, 0 left on base; Duluth-Superior 2 - Watertown 0 |
BOTTOM OF THE 6TH |
Watertown Bucks batting - Pitching for Duluth-Superior Dukes : LHP Kenneth Swank
|
Batting: LHB Carl Spikes
|
0-0: Called Strike 0-1: Fly out, F9 (Flyball, 9, EV 86.9 MPH)
|
Batting: RHB Thomas Dimino
|
0-0: Ball 1-0: Ball 2-0: Called Strike 2-1: Ball 3-1: Base on Balls
|
Batting: RHB Robert Tanzi
|
0-0: Ball 1-0: Ball 2-0: Foul Ball, location: 2F 2-1: Fielders Choice at 2nd, 6-4 (Groundball, 6, EV 83.1 MPH)
|
Batting: RHB Richard Plautz
|
0-0: Ball Robert Tanzi steals 2nd base 1-0: Ground out 6-3 (Groundball, 6, EV 100.0 MPH)
|
Bottom of the 6th over - 0 runs, 0 hits, 0 errors, 1 left on base; Duluth-Superior 2 - Watertown 0 |
TOP OF THE 7TH |
Duluth-Superior Dukes batting - Pitching for Watertown Bucks : RHP Thomas Siebert
|
Batting: RHB Cecil Whitehead
|
0-0: Ball 1-0: Ball 2-0: Swinging Strike 2-1: Foul Ball, location: 2F 2-2: Foul Ball, location: 2F 2-2: Foul Ball, location: 2F 2-2: Ball 3-2: Foul Ball, location: 2F 3-2: Strikes out swinging
|
Batting: RHB Hector Cervantes
|
0-0: Called Strike 0-1: Ball 1-1: Single, Error in OF, E7, batter to second base (Groundball, 56D, EV 100.6 MPH)
|
Batting: RHB Jim Ferguson
|
0-0: Ball 1-0: Foul Ball, location: 2F 1-1: Called Strike 1-2: Fly out, F7 (Line Drive, 7, EV 100.6 MPH)
|
Batting: RHB Ricky Sheetz
|
0-0: Called Strike 0-1: Ball 1-1: Swinging Strike 1-2: Fly out, F7 (Flyball, 7, EV 93.8 MPH)
|
Top of the 7th over - 0 runs, 1 hit, 1 error, 1 left on base; Duluth-Superior 2 - Watertown 0 |
BOTTOM OF THE 7TH |
Watertown Bucks batting - Pitching for Duluth-Superior Dukes : LHP Kenneth Swank
|
Batting: RHB Sebastiano Borriello
|
0-0: Foul Ball, location: 2F 0-1: Swinging Strike 0-2: Ball 1-2: Foul Ball, location: 2F 1-2: Ball 2-2: Foul Ball, location: 2F 2-2: Ball 3-2: Strikes out swinging
|
Batting: LHB Greg Guin
|
0-0: Foul Ball, location: 2F 0-1: Ball 1-1: Fly out, F8 (Flyball, 8RM, EV 87.5 MPH)
|
Batting: RHB Eugene Cattane
|
0-0: Ball 1-0: Ball 2-0: Swinging Strike 2-1: Foul Ball, location: 2F 2-2: Foul Ball, location: 2F 2-2: Strikes out swinging
|
Bottom of the 7th over - 0 runs, 0 hits, 0 errors, 0 left on base; Duluth-Superior 2 - Watertown 0 |
TOP OF THE 8TH |
Duluth-Superior Dukes batting - Pitching for Watertown Bucks : RHP Thomas Siebert
|
Batting: LHB Ralph Bryant
|
0-0: Called Strike 0-1: Ball 1-1: Fly out, F9 (Flyball, 9, EV 85.0 MPH)
|
Batting: RHB Leo Vargas
|
0-0: Called Strike 0-1: Ball 1-1: Fly out, F9 (Flyball, 89S, EV 82.5 MPH)
|
Batting: SHB Garry Humpston
|
0-0: Called Strike 0-1: Fly out, F5 (Popup, 5F, EV 75.0 MPH)
|
Top of the 8th over - 0 runs, 0 hits, 0 errors, 0 left on base; Duluth-Superior 2 - Watertown 0 |
BOTTOM OF THE 8TH |
Watertown Bucks batting - Pitching for Duluth-Superior Dukes : LHP Kenneth Swank
|
Now at 2B: Everette Smith
|
|
Batting: LHB Bryan Neal
|
0-0: Ball 1-0: Swinging Strike 1-1: Fly out, F8 (Line Drive, 8LD, EV 85.0 MPH)
|
Batting: SHB Luis Rivera
|
0-0: Ball 1-0: Swinging Strike 1-1: Ground out 6-3 (Groundball, 6S, EV 85.0 MPH)
|
Batting: LHB Carl Spikes
|
0-0: Ball 1-0: Foul Ball, location: 2F 1-1: Ground out 4-3 (Groundball, 34, EV 87.5 MPH)
|
Bottom of the 8th over - 0 runs, 0 hits, 0 errors, 0 left on base; Duluth-Superior 2 - Watertown 0 |
TOP OF THE 9TH |
Duluth-Superior Dukes batting - Pitching for Watertown Bucks : RHP Thomas Siebert
|
Batting: RHB Gary Hinson
|
0-0: Ball 1-0: Ball 2-0: Foul Ball, location: 2F 2-1: Foul Ball, location: 2F 2-2: Foul Ball, location: 2F 2-2: Fly out, F7 (Flyball, 7LD, EV 101.3 MPH)
|
Pitching: RHP Michael Beecroft
|
|
Batting: RHB Scott Loucks
|
0-0: Called Strike 0-1: Ground out 6-3 (Groundball, 6, EV 108.8 MPH)
|
Batting: RHB Cecil Whitehead
|
0-0: Called Strike 0-1: Foul Ball, location: 2F 0-2: Ball 1-2: Ball 2-2: Foul Ball, location: 2F 2-2: Ground out 5-3 (Groundball, 56, EV 102.5 MPH)
|
Top of the 9th over - 0 runs, 0 hits, 0 errors, 0 left on base; Duluth-Superior 2 - Watertown 0 |
BOTTOM OF THE 9TH |
Watertown Bucks batting - Pitching for Duluth-Superior Dukes : LHP Kenneth Swank
|
Batting: RHB Thomas Dimino
|
0-0: Called Strike 0-1: Fly out, F4 (Flyball, 34D, EV 86.3 MPH)
|
Batting: RHB Robert Tanzi
|
0-0: Ball 1-0: Fly out, F3 (Popup, 3F, EV 67.5 MPH)
|
Batting: RHB Richard Plautz
|
0-0: Called Strike 0-1: Ball 1-1: TRIPLE (Line Drive, 89XD, EV 104.4 MPH)
|
Batting: RHB Sebastiano Borriello
|
0-0: Ball 1-0: Ball 2-0: Swinging Strike 2-1: Swinging Strike 2-2: Strikes out swinging
|
Bottom of the 9th over - 0 runs, 1 hit, 0 errors, 1 left on base; Duluth-Superior 2 - Watertown 0 |
|